 Dungeon Crawl Stone Soup version 0.31-a0-164-g2312942fda (webtiles) character file.

Game seed: 13426355637642338581

7912 qw the Skirmisher (level 11, -2/71 HPs)
             Began as a Gargoyle Hunter on June 13, 2023.
             Was a Follower of Okawaru.
             Slain by a vampire (6 damage)
             ... on level 10 of the Dungeon.
             The game lasted 00:03:52 (7558 turns).

qw the Skirmisher (Gargoyle Hunter)                 Turns: 7558, Time: 00:03:52

Health: -2/71      AC: 19    Str: 17    XL:     11   Next: 22%
Magic:  14/14      EV: 17    Int: 10    God:    Okawaru [*.....]
Gold:   211        SH:  0    Dex: 17    Spells: 10/10 levels left

rFire   + + .        Y - +2 shortbow (drain)
rCold   . . .        (shield currently unavailable)
rNeg    + . .        i - +1 ring mail of Greed {Fly Str+2}
rPois   inf          (no helmet)
rElec   +            l - +2 cloak
rCorr   .            c - +0 pair of gloves
SInv    .            (no boots)
Will    .....        g - amulet of faith Stlth
                     a - ring "Teudwuar" {rF+ EV+5}
HPRegen 0.31/turn    m - ring of protection from fire
MPRegen 0.14/turn

%: faith
@: confused, flying, slowed, very slow
A: sickness immunity, AC +8, negative energy resistance 1, electricity
resistance, torment resistance 1, petrification resistance
a: Renounce Religion, Heroism


You were on level 10 of the Dungeon.
You worshipped Okawaru.
Okawaru was aware of your devotion.
You visited 2 branches of the dungeon, and saw 11 of its levels.

You collected 479 gold pieces.
You spent 268 gold pieces at shops.


Innate Abilities, Weirdness & Mutations

You are immune to sickness and miasma.
Your stone body is resilient. (AC +8)
You are immune to poison.
You resist negative energy. (rN+)
You are resistant to electric shocks. (rElec)
You are resistant to unholy torment.
You are immune to petrification.


   Skills:
 - Level 9.0 Fighting
 + Level 13.7 Ranged Weapons
 - Level 4.4 Armour
 - Level 4.0 Dodging
 - Level 1.1 Stealth
 - Level 4.1 Invocations


You had 10 spell levels left.
You didn't know any spells.
Your spell library was empty.

Inventory:

Hand Weapons
 f - a +0 shortbow
 Y - a +2 shortbow of draining (weapon)
Armour
 c - a +0 pair of gloves (worn)
 i - the +1 ring mail of Greed (worn) {Fly Str+2}
   (You bought it in a shop on level 7 of the Dungeon)

   Str:       It affects your strength (+2).
   Fly:       It grants you flight.
 l - a +2 cloak (worn)
 p - the +1 robe "Zeikh" {Harm rC+}
   (You found it on level 8 of the Dungeon)

   rC:        It protects you from cold.
   Harm:      It increases damage dealt and taken.
 r - +0 steam dragon scales
Jewellery
 a - the ring "Teudwuar" (left hand) {rF+ EV+5}
   (You acquired it on level 2 of the Dungeon)

   [ring of evasion]

   EV:        It affects your evasion (+5).
   rF:        It protects you from fire.
 d - a ring of ice
 g - an amulet of faith (around neck)
 m - a ring of protection from fire (right hand)
Scrolls
 o - a scroll of identify
Potions
 e - a potion of haste
 j - a potion of attraction
 k - a potion of ambrosia {unknown}
 n - 2 potions of lignification
 q - a potion of might {unknown}

Dungeon Overview and Level Annotations

Branches:
Dungeon (10/15)            Temple (1/1) D:7
   Lair: D:8-11         Orc: D:9-12

Altars:
Ashenzari
Cheibriados
Elyvilon
Fedhas
Gozag
Hepliaklqana
Kikubaaqudgha
Makhleb
Nemelex Xobeh
Okawaru
Qazlal
Ru
Sif Muna
Trog
Uskayaw
Vehumet
Wu Jian
Xom
Yredelemnul
Zin
The Shining One

Shops:
D:7 [


Message History

Something tries to affect you, but you resist.
You shoot an arrow. The arrow hits the shadow.
You destroy the shadow!
Okawaru accepts your kill. The kobold completely misses you.
Something hits you but does no damage. Something bites you but does no damage.
You shoot an arrow. The arrow hits the kobold!
You kill the kobold!
Okawaru accepts your kill. The kobold closely misses you.
Something hits you but does no damage. Something bites you but does no damage.
You shoot an arrow. The arrow hits the kobold.
You drain the kobold.
You kill the kobold!
Something hits you. Something bites you!
You shoot an arrow. Something hits you but does no damage.
Something barely misses you.
You shoot an arrow. Something hits you but does no damage.
Something bites you but does no damage. Something barely misses you. x2
You shoot an arrow.
The arrow hits the hornet but does no damage.
You drain the hornet.
The hornet is lightly wounded.
The hornet completely misses you.
You hear some strange, mumbled words.
You are confused.
The hornet completely misses you.
You feel like a meek peon again. The hornet barely misses you.
You hear some strange, mumbled words.
You are more confused.
The hornet completely misses you. The hornet misses you. Something hits you!
Something barely misses you. The hornet closely misses you.
You hear some strange, mumbled words.
You are more confused.
The hornet stings you but does no damage.
The hornet completely misses you. Something hits you but does no damage.
Something bites you.
You die...

#.......#
####'####.......+ .
#.......#.......#
..##.......##......#
.'.........'......####
##.........##...###..##
#.....).....#.#'#......
###..)){..#####........
#.#+#)@y#'#.#..........
##...#####...##...#.....
+......#......+.##..[...
#......#......#####.....
.......#.......#........
.......'.......#.......#
.......#.......#.....###
#......#......##......#.
+......#......+.........


You could see a hornet (drained).

Vanquished Creatures
  Josephine (D:10)
  Pikel (D:8)
  Joseph (D:7)
  Maggie (D:8)
  3 hornets
  Sigmund (D:4)
  A shadow (D:10)
  A wyvern (D:7)
  2 wraiths
  3 yaks (D:5)
  2 steam dragons
  An acid dragon (D:9)
  Duvessa (D:4)
  3 orc warriors
  4 sky beasts (D:7)
  A black bear (D:6)
  5 ice beasts
  4 ogres
  2 centaurs
  3 lemures (D:8)
  2 phantoms
  A kobold brigand (D:10)
  4 gnoll sergeants
  Blork the orc (D:6)
  A bullfrog (D:8)
  4 scorpions
  Dowan (D:4)
  4 killer bees (D:9)
  A howler monkey (D:6)
  5 hounds
  3 jellies
  4 orc priests
  2 sleepcaps (D:5)
  A gnoll bouda (D:7)
  6 iguanas
  5 orc wizards
  33 gnolls
  4 adders
  A shadow imp (D:6)
  2 white imps
  3 ufetubi
  3 worms
  A dart slug (D:4)
  30 orcs
  10 ball pythons
  5 bats
  7 endoplasms
  5 giant cockroaches
  10 goblins
  2 hobgoblins (D:3)
  2 jackals (D:3)
  12 kobolds
  3 quokkas
  A frilled lizard (D:3)
220 creatures vanquished.

Vanquished Creatures (collateral kills)
  A sleepcap (D:6)
1 creature vanquished.

Grand Total: 221 creatures vanquished

Notes
Turn   | Place    | Note
-------+----------+-------------------------------------------
     0 | D:1      | qw the Gargoyle Hunter began the quest for the Orb.
     0 | D:1      | Reached XP level 1. HP: 12/12 MP: 1/1
     0 | D:1      | 0 ||| qw: Version: 0.2-a-29-gc1b59c4
     0 | D:1      | 0 ||| qw: Game counter: 4485
     0 | D:1      | 0 ||| qw: Always use a shield: true
     0 | D:1      | 0 ||| qw: God list: Okawaru
     0 | D:1      | 0 ||| qw: Allow faded altars: false
     0 | D:1      | 0 ||| qw: Do Orc after D:15 true
     0 | D:1      | 0 ||| qw: Do second Lair branch before Depths: true
     0 | D:1      | 0 ||| qw: Lair rune preference: random
     0 | D:1      | 0 ||| qw: Plans: Normal, Zot:1-4, Slime:5, God:TSO, Crypt,
                  | Tomb, Abyss, Pan, Hells, Win
     0 | D:1      | 0 ||| PLANNING D:1-11
   165 | D:1      | Reached XP level 2. HP: 17/17 MP: 2/2
   359 | D:1      | Reached XP level 3. HP: 21/21 MP: 3/3
   612 | D:1      | 612 ||| UPGRADING to amulet of faith.
   617 | D:1      | 617 ||| READING scroll labelled ZEUNAPN VASAOD.
   618 | D:1      | 618 ||| READING scroll labelled HINGOCWOMNE.
   619 | D:1      | 619 ||| DROPPING scroll of butterflies.
   753 | D:2      | Reached skill level 5 in Ranged Weapons
  1406 | D:2      | 1406 ||| READING scroll labelled ZODDAPR WIEREMNOFF.
  1406 | D:2      | Identified a scroll of acquirement
  1406 | D:2      | 1406 ||| ACQUIRING ring "Teudwuar" {rF+ EV+5}
  1406 | D:2      | Acquired the ring "Teudwuar" {rF+ EV+5}
  1408 | D:2      | 1408 ||| UPGRADING to ring "Teudwuar" {rF+ EV+5}.
  1409 | D:2      | 1409 ||| READING scroll labelled ATEEGEF LAGEMI.
  1410 | D:2      | 1410 ||| READING scroll labelled XIDWOLIUMA.
  1411 | D:2      | 1411 ||| DRINKING 2 smoky cyan potions.
  1687 | D:3      | Reached skill level 3 in Fighting
  1687 | D:3      | Reached XP level 4. HP: 28/28 MP: 4/4
  2168 | D:3      | 2168 ||| UPGRADING to +2 cloak.
  2173 | D:3      | 2173 ||| DROPPING ring of fire.
  2174 | D:3      | 2174 ||| UPGRADING to ring of protection from fire.
  2175 | D:3      | 2175 ||| READING scroll labelled LEUTWA SOOZXAFUFI.
  2176 | D:3      | 2176 ||| DRINKING 2 murky coppery potions.
  2177 | D:3      | 2177 ||| DRINKING 2 murky purple potions.
  2234 | D:3      | 2234 ||| DROPPING potion of degeneration.
  2362 | D:4      | Noticed a scorpion
  2365 | D:4      | Killed a scorpion
  2366 | D:4      | Reached skill level 6 in Ranged Weapons
  2366 | D:4      | Reached XP level 5. HP: 32/32 MP: 5/5
  2416 | D:4      | Reached skill level 1 in Armour
  2597 | D:4      | Reached XP level 6. HP: 38/38 MP: 6/6
  2615 | D:4      | Noticed Sigmund
  2618 | D:4      | 2618 ||| FLEEEEING.
  2619 | D:4      | 2619 ||| FLEEEEING.
  2620 | D:4      | 2620 ||| FLEEEEING.
  2621 | D:4      | 2621 ||| FLEEEEING.
  2622 | D:4      | 2622 ||| FLEEEEING.
  2623 | D:4      | 2623 ||| FLEEEEING.
  2624 | D:4      | 2624 ||| FLEEEEING.
  2625 | D:4      | 2625 ||| FLEEEEING.
  2626 | D:4      | 2626 ||| FLEEEEING.
  2627 | D:4      | 2627 ||| FLEEEEING.
  2628 | D:4      | 2628 ||| FLEEEEING.
  2629 | D:4      | 2629 ||| FLEEEEING.
  2632 | D:4      | Killed Sigmund
  2633 | D:4      | Reached skill level 7 in Ranged Weapons
  2833 | D:4      | Noticed Dowan
  2834 | D:4      | Noticed Duvessa
  2845 | D:4      | Killed Duvessa
  2846 | D:4      | Reached XP level 7. HP: 32/43 MP: 7/7
  2854 | D:4      | Killed Dowan
  3067 | D:4      | You fall into a shaft and drop 2 floors!
  3085 | D:6      | 3085 ||| DROPPING ring of wizardry.
  3086 | D:6      | 3086 ||| READING scroll labelled ESSAUTAIQE.
  3087 | D:6      | 3087 ||| READING 2 scrolls of identify.
  3087 | D:6      | 3087 ||| IDENTIFYING clear potion
  3095 | D:5      | Entered Level 5 of the Dungeon
  3166 | D:4      | Reached skill level 8 in Ranged Weapons
  3302 | D:5      | Reached XP level 8. HP: 48/48 MP: 8/8
  3477 | D:5      | 3477 ||| DROPPING +0 sling.
  3582 | D:5      | Reached skill level 9 in Ranged Weapons
  3684 | D:5      | Noticed a yak
  3685 | D:5      | Noticed a yak
  3687 | D:5      | Noticed a yak
  3689 | D:5      | Killed a yak
  3690 | D:5      | Reached skill level 6 in Fighting
  3702 | D:5      | Killed a yak
  3710 | D:5      | Killed a yak
  3711 | D:5      | Reached skill level 10 in Ranged Weapons
  3711 | D:5      | Reached XP level 9. HP: 47/56 MP: 9/9
  3911 | D:5      | Reached skill level 3 in Dodging
  4075 | D:5      | 4075 ||| UPGRADING to +0 ring mail.
  4085 | D:5      | 4085 ||| DROPPING +0 leather armour.
  4086 | D:5      | 4086 ||| READING scroll labelled GUFECEAXISK.
  4087 | D:5      | 4087 ||| READING 2 scrolls of identify.
  4087 | D:5      | 4087 ||| IDENTIFYING bubbling orange potion
  4088 | D:5      | 4088 ||| DROPPING potion of enlightenment.
  4288 | D:6      | Noticed Blork the orc
  4300 | D:6      | Killed Blork the orc
  4338 | D:6      | HP: 10/57 [orc warrior/+0 trident (7)]
  4339 | D:6      | 4339 ||| DRINKING potion of heal wounds.
  4469 | D:6      | Reached skill level 11 in Ranged Weapons
  4540 | D:6      | Reached skill level 3 in Armour
  4856 | D:6      | Found a stormy altar of Qazlal.
  4863 | D:6      | 4863 ||| READING 2 scrolls labelled UCWOIM YTRIQAWN.
  4864 | D:6      | 4864 ||| READING scroll labelled IWOYXT SUZYHI IKH.
  4865 | D:6      | 4865 ||| READING scroll labelled URES WIGIGHEX.
  4867 | D:6      | 4867 ||| FLEEEEING.
  4868 | D:6      | 4868 ||| FLEEEEING.
  4869 | D:6      | 4869 ||| FLEEEEING.
  4904 | D:6      | 4904 ||| READING 2 scrolls of identify.
  4904 | D:6      | 4904 ||| IDENTIFYING inky potion
  4905 | D:6      | 4905 ||| DROPPING scroll of amnesia.
  4971 | D:7      | Noticed Joseph
  4985 | D:7      | Killed Joseph
  5067 | D:7      | Reached XP level 10. HP: 43/64 MP: 10/10
  5217 | D:7      | Found a staircase to the Ecumenical Temple.
  5218 | D:7      | 5218 ||| PLANNING TEMPLE
  5225 | Temple   | Entered the Ecumenical Temple
  5225 | Temple   | Found a transporter.
  5225 | Temple   | Found a transporter.
  5227 | Temple   | Found a transporter.
  5227 | Temple   | Found a transporter.
  5237 | Temple   | 5237 ||| PLANNING D:1-11
  5289 | D:7      | Found a flagged portal.
  5291 | D:7      | Reached skill level 12 in Ranged Weapons
  5398 | D:7      | 5398 ||| FLEEEEING.
  5399 | D:7      | 5399 ||| FLEEEEING.
  5400 | D:7      | 5400 ||| FLEEEEING.
  5401 | D:7      | 5401 ||| FLEEEEING.
  5402 | D:7      | 5402 ||| FLEEEEING.
  5403 | D:7      | 5403 ||| FLEEEEING.
  5404 | D:7      | 5404 ||| FLEEEEING.
  5406 | D:7      | 5406 ||| FLEEEEING.
  5407 | D:7      | 5407 ||| FLEEEEING.
  5408 | D:7      | 5408 ||| FLEEEEING.
  5409 | D:7      | 5409 ||| FLEEEEING.
  5410 | D:7      | 5410 ||| FLEEEEING.
  5502 | D:7      | Found Zufeex's Armour Emporium.
  5506 | D:7      | 5506 ||| BUYING +0 pair of gloves (45 gold).
  5506 | D:7      | Bought a +0 pair of gloves for 45 gold pieces
  5506 | D:7      | 5506 ||| BUYING +1 ring mail of Greed {Fly Str+2} (223
                  | gold).
  5506 | D:7      | Bought the +1 ring mail of Greed {Fly Str+2} for 223 gold
                  | pieces
  5675 | D:7      | 5675 ||| UPGRADING to +0 pair of gloves.
  5688 | D:7      | 5688 ||| UPGRADING to +1 ring mail of Greed {Fly Str+2}.
  5702 | D:7      | 5702 ||| DROPPING +0 ring mail.
  5720 | D:7      | Identified the +1 leather armour "Tofranau" {+Inv Stlth+}
  5829 | D:7      | Found an ornate altar of the Wu Jian Council.
  5888 | D:7      | 5888 ||| DROPPING +1 leather armour "Tofranau" {+Inv
                  | Stlth+}.
  5938 | D:8      | Noticed Pikel
  5945 | D:8      | Killed Pikel
  5946 | D:8      | Reached skill level 13 in Ranged Weapons
  5947 | D:8      | Found a shimmering blue altar of Sif Muna.
  5975 | D:8      | Identified the +1 robe "Zeikh" {Harm rC+}
  5977 | D:8      | Found an iron altar of Okawaru.
  5978 | D:8      | 5978 ||| PLANNING OKAWARU WORSHIP
  5985 | D:8      | Became a worshipper of Warmaster Okawaru
  5985 | D:8      | 5985 ||| PLANNING D:1-11
  6005 | D:8      | Found a burning altar of Makhleb.
  6011 | D:8      | 6011 ||| READING scroll of enchant weapon.
  6011 | D:8      | 6011 ||| ENCHANTING +1 shortbow of draining.
  6066 | D:8      | Noticed Maggie
  6075 | D:8      | Killed Maggie
  6100 | D:8      | Found an ancient bone altar of Kikubaaqudgha.
  6104 | D:8      | Found a snail-covered altar of Cheibriados.
  6319 | D:8      | 6319 ||| READING scroll labelled TIH KUIRUZXI.
  6320 | D:8      | 6320 ||| READING scroll labelled PEMYAVV NOKHO.
  6432 | D:9      | Found a radiant altar of Vehumet.
  6436 | D:9      | Found a glowing golden altar of the Shining One.
  6436 | D:9      | Found a broken altar of Ashenzari.
  6437 | D:9      | Found a shimmering altar of Xom.
  6440 | D:9      | Found a basalt altar of Yredelemnul.
  6497 | D:9      | 6497 ||| Stepping ~*~*~tactically~*~*~ (outnumbered).
  6512 | D:9      | Reached * piety under Okawaru
  6514 | D:9      | 6514 ||| INVOKING Heroism.
  6621 | D:9      | Reached skill level 9 in Fighting
  6621 | D:9      | Reached skill level 1 in Invocations
  6698 | D:9      | 6698 ||| INVOKING Heroism.
  6714 | D:9      | 6714 ||| INVOKING Heroism.
  6927 | D:9      | 6927 ||| READING scroll labelled XEXUAR UKEL.
  6934 | D:8      | Found a sparkling altar of Nemelex Xobeh.
  6934 | D:8      | Found a hide-covered altar of Uskayaw.
  7065 | D:9      | Reached XP level 11. HP: 71/71 MP: 11/13
  7129 | D:9      | Reached skill level 3 in Invocations
  7443 | D:10     | Entered Level 10 of the Dungeon
  7487 | D:10     | Noticed Josephine
  7517 | D:10     | 7517 ||| INVOKING Heroism.
  7519 | D:10     | Killed Josephine
  7534 | D:10     | HP: 17/71 [wraith[Josephine] (4)]
  7535 | D:10     | 7535 ||| READING scroll of teleportation.
  7536 | D:10     | 7536 ||| DRINKING potion of heal wounds.
  7543 | D:10     | 7543 ||| INVOKING Heroism.
  7552 | D:10     | HP: 17/71 [something (6)]
  7557 | D:10     | HP: 4/71 [something (8)]
  7558 | D:10     | Slain by a vampire

Levels and vault maps discovered:
D:1:      wander_arrival_chamber, layout_basic
D:2:      layout_basic, serial_forest, infiniplex_forest_straight_3,
          infiniplex_forest_corner_2, infiniplex_forest_straight_3,
          infiniplex_forest_clump_diagonal, infiniplex_forest_lined_2,
          infiniplex_forest_join, infiniplex_forest_straight_1,
          infiniplex_forest_lined_2, infiniplex_forest_clump_double,
          infiniplex_forest_diagonal
D:3:      layout_basic, serial_glass, glass_columns_a, glass_columns_c,
          glass_columns_c, glass_columns_a, glass_columns_b, glass_columns_c,
          minmay_stone_trees_small
D:4:      layout_loops_corners, kennysheep_generic_room_4, uniq_sigmund,
          uniq_duvessa
D:5:      layout_loops_ring, minmay_misc_feat_nine_boxes, st_stairs_13,
          grunt_decor_mini_mirrors, grunt_tough_drop
D:6:      hangedman_cross_stitches, layout_basic,
          mainiacjoe_overflow_cross_hatched, uniq_blork_the_orc
D:7:      minmay_clustersquares, layout_basic, pdpol_wu_jian_five_deadly_venoms,
          enter_bailey_5, serial_shops, shop, uniq_joseph
D:8:      layout_rooms, mainiacjoe_overflow_brackets, lemuel_crystal_altar,
          nicolae_overflow_hidden_temple, uniq_maggie, uniq_pikel
D:9:      layout_stronghold, minitemple
D:10:     nicolae_cairo_tiling_very_big, layout_cave_pools,
          grunt_dithmenos_smoke, uniq_josephine, uniq_harold
Temple:   hellmonk_temple_divided_pantheon

Skill      XL: |  1  2  3  4  5  6  7  8  9 10 11 |
---------------+----------------------------------+-----
Ranged Weapons | 5 6 7 8 10 11 13 | 13.7
Fighting       | 3 4 6 8 9 |  9.0
Armour         | 1 3 4 |  4.4
Dodging        | 2 3 4 |  4.0
Invocations    | 2 4 |  4.1
Stealth        | |  1.1

Action                     |  1- 3 |  4- 6 |  7- 9 | 10-12 || total
---------------------------+-------+-------+-------+-------++-------
   Fire: Shortbow          |    94 |    80 |   369 |   429 ||   972
 Invoke: Heroism           |       |       |       |     5 ||     5
    Use: Scroll            |     5 |     1 |     8 |     5 ||    19
         Potion            |     1 |     2 |     1 |     1 ||     5
 Armour: Leather armour    |     8 |    11 |    24 |       ||    43
         Ring mail         |       |       |    59 |    88 ||   147
  Dodge: Dodged            |     8 |    27 |   209 |   232 ||   476

Table legend:
 A = Non-vault XP
 B = Vault XP
 C = Vault XP percentage of total XP
 D = Non-vault monster count
 E = Vault monster count
 F = Vault count percentage of total count
                 A         B        C        D         E       F
            +---------+---------+-------+---------+---------+-------
      Total |    6704 |    4599 |  40.7 |     177 |      41 |  18.8
            +---------+---------+-------+---------+---------+-------
        D:1 |      38 |       0 |   0.0 |      21 |       0 |   0.0
        D:2 |       7 |       0 |   0.0 |       4 |       0 |   0.0
        D:3 |      47 |       0 |   0.0 |      14 |       0 |   0.0
        D:4 |     489 |     438 |  47.2 |      24 |       4 |  14.3
        D:5 |    1419 |     105 |   6.9 |      15 |       6 |  28.6
        D:6 |     816 |     663 |  44.8 |      29 |      12 |  29.3
        D:7 |    1018 |    1251 |  55.1 |      22 |      15 |  40.5
        D:8 |     369 |    1049 |  74.0 |       3 |       2 |  40.0
        D:9 |    1916 |       0 |   0.0 |      36 |       0 |   0.0
       D:10 |     585 |    1093 |  65.1 |       9 |       2 |  18.2
            +---------+---------+-------+---------+---------+-------
